 Dungeon Crawl Stone Soup version 0.22.0-75-g3901e7991e (webtiles) character file.

39827 GsBirdie the Severer (level 13, -7/184 HPs)
             Began as a Minotaur Berserker on Sept 15, 2018.
             Was a High Priest of Trog.
             Mangled by an entropy weaver (17 damage)
             ... on level 4 of the Lair of Beasts.
             The game lasted 01:09:26 (19927 turns).

GsBirdie the Severer (Minotaur Berserker)          Turns: 19927, Time: 01:09:27

Health: -7/184     AC: -2    Str: 26    XL:     13   Next: 71%
Magic:  12/12      EV: 16    Int:  6    God:    Trog [*****.]
Gold:   845        SH:  0    Dex: 12    Spells: 12/12 levels left

rFire    . . .     SeeInvis +   a - +2 broad axe (chop)
rCold    . . .     Gourm    .   (no shield)
rNeg     + . .     Faith    .   M - +3 scale mail
rPois    .         Spirit   .   o - +2 hat
rElec    .         Reflect  .   L - +0 cloak
rCorr    .         Harm     .   A - +1 pair of gloves
MR       .....                  (no boots)
Stlth    ..........             f - amulet of regeneration
HPRegen  0.80/turn              q - ring of positive energy
MPRegen  0.13/turn              I - ring of see invisible

@: berserking, lethally poisoned (-7 -> -12), corroded, very quick
A: retaliatory headbutt, horns 2, clumsy 1
a: Berserk, Trog's Hand, Brothers in Arms, Renounce Religion


You were on level 4 of the Lair of Beasts.
You worshipped Trog.
Trog was extremely pleased with you.
You were very hungry.

You visited 2 branches of the dungeon, and saw 15 of its levels.

You collected 1160 gold pieces.
You spent 315 gold pieces at shops.

Inventory:

Hand Weapons
 a - a +2 broad axe of chopping (weapon)
 b - a +0 blowgun
 h - a +6 battleaxe of chopping
Missiles
 d - 47 poisoned needles
 r - 20 needles of confusion
 t - 11 tomahawks (quivered)
 Q - 6 poisoned tomahawks
 T - 8 javelins
 U - 6 silver javelins
Armour
 o - a +2 hat (worn)
 A - a +1 pair of gloves (worn)
 L - a +0 cloak (worn)
 M - a +3 scale mail (worn)
Jewellery
 f - an amulet of regeneration (around neck)
 q - a ring of positive energy (left hand)
 I - a ring of see invisible (right hand)
Wands
 B - a wand of paralysis (15)
Scrolls
 e - 3 scrolls of magic mapping
 i - 11 scrolls of teleportation
 j - a scroll of torment {unknown}
 k - 9 scrolls of fear
 l - a scroll of amnesia {unknown}
 m - a scroll of immolation {unknown}
 p - 8 scrolls of remove curse
 y - 2 scrolls of fog
 C - 2 scrolls of enchant armour
 E - 3 scrolls of identify
 F - a scroll of noise {unknown}
 N - 2 scrolls of silence
 O - 3 scrolls of enchant weapon
Potions
 g - 5 potions of lignification
 n - a potion of cancellation {unknown}
 s - 3 potions of brilliance
 u - 4 potions of curing
 v - 5 potions of flight
 w - a potion of magic {unknown}
 x - 3 potions of mutation {unknown}
 z - 2 potions of might
 D - 3 potions of haste
 G - 2 potions of heal wounds
 J - a potion of invisibility {unknown}
 K - a potion of ambrosia {unknown}
 P - 2 potions of agility
Comestibles
 c - 37 rations
 H - a chunk of flesh


   Skills:
 * Level 13.9 Fighting
 + Level 15.8 Axes
 - Level 10.0 Throwing
 - Level 10.0 Armour
 - Level 11.0 Dodging


You had 12 spell levels left.
You didn't know any spells.
Your spell library was empty.

Dungeon Overview and Level Annotations

Branches:
Dungeon (11/15)            Temple (0/1) D:4            Lair (4/6) D:11
  Swamp (0/4) Lair:2        Snake (0/4) Lair:3          Orc (0/2) D:11

Altars:
Cheibriados
Elyvilon
Fedhas
Gozag
Nemelex Xobeh
Ru
Sif Muna
Trog
Uskayaw
Vehumet
Wu Jian
Zin
The Shining One

Shops:
D:6 [   D:11 *

Portals:
Trove: D:11 (give 7 scrolls of blinking)


Innate Abilities, Weirdness & Mutations

You reflexively headbutt those who attack you in melee.
You have a pair of horns on your head.
You are clumsy. (Dex -2)


Message History

The entropy weaver is heavily wounded.
You feel sick.
You hit the entropy weaver but do no damage.
The entropy weaver is heavily wounded.
The entropy weaver hits you!
* * * LOW HITPOINT WARNING * * *
The entropy weaver barely misses you. The entropy weaver hits you!
* * * LOW HITPOINT WARNING * * *
The entropy weaver hits you.
* * * LOW HITPOINT WARNING * * *
You closely miss the entropy weaver.
The entropy weaver is heavily wounded.
You feel sick. The entropy weaver barely misses you. You furiously retaliate!
You headbutt the entropy weaver, but do no damage.
The entropy weaver hits you!
* * * LOW HITPOINT WARNING * * *
The entropy weaver hits you!
* * * LOW HITPOINT WARNING * * *
The entropy weaver hits you!
You die...

#.#....#......P.....# ...
#..................##....
#...........#.#..........
#......#...........#.....
#......#......P....##....
#.#...P..#..#.......#....
#........##...P....## ...
#......#T##........# ...
#.#....#@##.P.#.†."#.. ..
#...#..a.#P.....†..$.....
#.....................#.
#...#...........##!..##
#.#..#...##.....# ...#
#.#.#.....#.P...# ..#..
#.P....#.#.......#..##..
#.PP#....#........... ..
#..P...#....P...##.


You could see an entropy weaver and a friendly deep troll (berserk).

Vanquished Creatures
  Fannar (Lair:2)
  3 hydras
  4 two-headed ogres
  Urug (D:11)
  The ghost of eskilway the Basher, a novice GrFi of Okawaru (D:9)
  The ghost of Kreyzy the Skirmisher, a novice DsGl of Fedhas (D:7)
  2 unseen horrors (D:11)
  2 ugly things
  A guardian serpent (Lair:3)
  2 manticores
  A black mamba (Lair:2)
  A torpor snail (Lair:4)
  A rime drake (Lair:2)
  5 spiny frogs
  3 kobold demonologists (D:11)
  4 komodo dragons
  The ghost of NeAGen181 the Fighter, an amateur HOFi of Beogh (D:4)
  A queen bee (Lair:2)
  24 blink frogs
  A bog body (Lair:2)
  4 dream sheep (Lair:4)
  6 hippogriffs
  A wyvern (Lair:2)
  41 yaks
  2 basilisks
  A hungry ghost (D:11)
  2 steam dragons (Lair:2)
  2 neqoxecs (D:9)
  7 soldier ants
  A swamp worm (Lair:2)
  7 water moccasins
  10 porcupines
  Duvessa (D:7)
  A spectral hornet (D:7)
  4 orc warriors
  An eye of draining (D:8)
  A hornet zombie (D:8)
  2 black bears
  A necrophage (D:10)
  4 sky beasts
  7 ice beasts
  4 phantoms
  7 wolves
  4 ogres
  4 centaurs
  10 crocodiles
  17 bullfrogs
  A big kobold (D:11)
  Dowan (D:7)
  A water moccasin zombie (D:8)
  A wyvern skeleton (D:11)
  A water moccasin skeleton (D:8)
  A scorpion (D:9)
  31 killer bees
  12 wights
  A howler monkey (D:5)
  3 electric eels
  2 bullfrog zombies
  6 crimson imps
  2 jellies
  3 centaur zombies
  3 quasits (D:9)
  9 orc priests
  2 centaur skeletons
  6 hounds
  2 bullfrog skeletons (D:7)
  2 iguanas (D:11)
  6 orc wizards
  14 worker ants
  A centaur simulacrum (D:7)
  A hound zombie (D:6)
  2 hound skeletons
  2 howler monkey zombies (D:5)
  Robin (D:2)
  6 adders
  4 gnolls
  2 shadow imps
  12 white imps (D:11)
  2 oozes
  3 adder skeletons
  2 worms
  2 leopard geckos
  41 orcs
  3 giant cockroaches
  15 goblins
  7 hobgoblins
  19 jackals
  6 quokkas
  6 ball pythons (D:4)
  7 bats
  5 frilled lizards
  A jackal skeleton (D:5)
  11 kobolds
  3 leopard gecko skeletons
  A leopard gecko zombie (D:7)
  A quokka skeleton (D:6)
  A quokka zombie (D:6)
  4 rats
  2 fungi
495 creatures vanquished.

Vanquished Creatures (collateral kills)
  A soldier ant (Lair:4)
1 creature vanquished.

Vanquished Creatures (others)
  A swamp worm (Lair:2)
  A bush (Lair:2)
  8 fungi
  44 plants
54 creatures vanquished.

Grand Total: 550 creatures vanquished

Notes
Turn   | Place    | Note
-------+----------+-------------------------------------------
     0 | D:1      | GsBirdie the Minotaur Berserker began the quest for the
                  | Orb.
     0 | D:1      | Reached XP level 1. HP: 19/19 MP: 0/0
   318 | D:1      | Reached XP level 2. HP: 15/27 MP: 1/1
   488 | D:1      | Reached skill level 4 in Axes
  1237 | D:1      | Reached XP level 3. HP: 34/34 MP: 2/2
  2085 | D:2      | Noticed Robin
  2099 | D:2      | Killed Robin
  2099 | D:2      | Reached ** piety under Trog
  2099 | D:2      | Reached skill level 5 in Fighting
  3102 | D:2      | Reached XP level 4. HP: 37/42 MP: 3/3
  3499 | D:3      | Reached skill level 5 in Axes
  3758 | D:3      | Found a blossoming altar of Fedhas.
  4137 | D:3      | Reached XP level 5. HP: 42/50 MP: 4/4
  4447 | D:4      | Noticed NeAGen181's ghost (amateur HOFi)
  4448 | D:4      | Found a transporter.
  4449 | D:4      | Noticed a two-headed ogre
  4641 | D:4      | Found a transporter.
  4750 | D:4      | Noticed an ogre
  4756 | D:4      | Killed an ogre
  4756 | D:4      | Reached XP level 6. HP: 51/58 MP: 5/5
  4938 | D:4      | Found a staircase to the Ecumenical Temple.
  5008 | D:4      | Reached *** piety under Trog
  5322 | D:4      | Killed a two-headed ogre
  5322 | D:4      | Reached XP level 7. HP: 35/67 MP: 6/6
  5326 | D:4      | Killed NeAGen181's ghost
  5326 | D:4      | Reached XP level 8. HP: 25/74 MP: 7/7
  5614 | D:5      | Entered Level 5 of the Dungeon
  6969 | D:5      | Reached skill level 1 in Throwing
  7112 | D:6      | Reached **** piety under Trog
  7113 | D:6      | Found an ornate altar of the Wu Jian Council.
  7119 | D:6      | Found a hide-covered altar of Uskayaw.
  7121 | D:6      | Found a bloodstained altar of Trog.
  7263 | D:6      | Found a white marble altar of Elyvilon.
  7578 | D:6      | Reached XP level 9. HP: 60/84 MP: 8/8
  7693 | D:6      | Found Medogiz's Antique Armour Shop.
  7697 | D:6      | Bought a shiny chain mail for 150 gold pieces
  8442 | D:7      | Reached skill level 10 in Fighting
  8442 | D:7      | Reached skill level 5 in Throwing
  8453 | D:7      | Found a glowing silver altar of Zin.
  8575 | D:7      | Received a gift from Trog
  8990 | D:7      | Found a runed gate.
  8990 | D:7      | Found a runed gate.
  8990 | D:7      | Found a runed gate.
  8991 | D:7      | Noticed Kreyzy's ghost (novice DsGl)
  9000 | D:7      | Reached skill level 5 in Dodging
  9062 | D:7      | Killed Kreyzy's ghost
  9062 | D:7      | Reached XP level 10. HP: 95/95 MP: 9/9
  9141 | D:7      | Found a deep blue altar of Sif Muna.
  9174 | D:7      | Noticed Duvessa
  9174 | D:7      | Noticed Dowan
  9187 | D:7      | Killed Duvessa
  9190 | D:7      | Killed Dowan
  9782 | D:8      | Reached skill level 6 in Axes
 10051 | D:8      | Found an opulent altar of Gozag.
 10051 | D:8      | Found a sparkling altar of Nemelex Xobeh.
 10056 | D:8      | Found a faded altar of an unknown god.
 10060 | D:8      | Found a glowing golden altar of the Shining One.
 10062 | D:8      | Found a faded altar of an unknown god.
 10093 | D:8      | Noticed a manticore
 10101 | D:8      | Killed a manticore
 10231 | D:8      | Reached skill level 7 in Axes
 10231 | D:8      | Reached skill level 10 in Armour
 10320 | D:8      | Received a gift from Trog
 10354 | D:8      | Found a sacrificial altar of Ru.
 10972 | D:8      | Found a snail-covered altar of Cheibriados.
 11057 | D:8      | Reached skill level 8 in Axes
 11410 | D:9      | Found a transporter.
 11417 | D:9      | Noticed eskilway's ghost (novice GrFi)
 11505 | D:9      | Found a transporter.
 11543 | D:9      | Reached skill level 9 in Axes
 11550 | D:9      | Reached ***** piety under Trog
 11661 | D:9      | Noticed a red ugly thing
 11671 | D:9      | Killed a red ugly thing
 11760 | D:9      | Noticed a two-headed ogre
 11766 | D:9      | Killed a two-headed ogre
 11766 | D:9      | Reached skill level 10 in Axes
 11770 | D:9      | Reached XP level 11. HP: 102/102 MP: 10/10
 12011 | D:9      | Found a radiant altar of Vehumet.
 12224 | D:9      | Noticed a two-headed ogre
 12234 | D:9      | Killed a two-headed ogre
 12443 | D:9      | Gained mutation: You are clumsy. (Dex -2) [a neqoxec]
 12466 | D:9      | Killed eskilway's ghost
 12529 | D:9      | Got the ring of Kyuhel {Int-3}
 12567 | D:10     | Entered Level 10 of the Dungeon
 12571 | D:10     | Reached skill level 11 in Axes
 12660 | D:10     | Found a glowing silver altar of Zin.
 13261 | D:11     | Noticed a purple ugly thing
 13275 | D:11     | Noticed a sixfirhy
 13275 | D:11     | Killed a purple ugly thing
 13296 | D:11     | Received a gift from Trog
 13298 | D:11     | Noticed a sun demon
 13720 | D:11     | Received a gift from Trog
 13738 | D:11     | Found a frozen archway.
 13756 | D:11     | Noticed Urug
 13777 | D:11     | Killed Urug
 13777 | D:11     | Reached skill level 10 in Dodging
 14087 | D:11     | Found a portal to a secret trove of treasure.
 14135 | D:11     | Noticed an unseen horror
 14154 | D:11     | Killed an unseen horror
 14462 | D:11     | Reached XP level 12. HP: 54/110 MP: 11/11
 14468 | D:11     | Received a gift from Trog
 14664 | D:11     | Found a staircase to the Lair.
 14770 | D:11     | Found Hetiod's Assorted Antiques.
 14770 | D:11     | Found a staircase to the Orcish Mines.
 14784 | D:11     | Bought a tourmaline ring for 165 gold pieces
 14795 | D:11     | Noticed a two-headed ogre
 14800 | D:11     | Killed a two-headed ogre
 15076 | Lair:1   | Entered Level 1 of the Lair of Beasts
 15126 | Lair:1   | Noticed a four-headed hydra
 15131 | Lair:1   | Killed a four-headed hydra
 15145 | Lair:1   | Reached skill level 10 in Throwing
 15394 | Lair:1   | Received a gift from Trog
 15863 | Lair:2   | Noticed an eight-headed hydra
 15875 | Lair:1   | Killed an 11-headed hydra
 16289 | Lair:1   | Reached skill level 12 in Axes
 16646 | Lair:2   | Noticed Fannar
 16676 | Lair:2   | Killed Fannar
 16997 | Lair:2   | Reached skill level 13 in Axes
 17333 | Lair:2   | Reached XP level 13. HP: 110/119 MP: 12/12
 17439 | Lair:2   | Reached skill level 14 in Axes
 17651 | Lair:2   | Found a staircase to the Swamp.
 18495 | Lair:3   | Found a staircase to the Snake Pit.
 19036 | Lair:3   | Received a gift from Trog
 19165 | Lair:4   | Reached skill level 15 in Axes
 19448 | Lair:4   | Reached ****** piety under Trog
 19879 | Lair:4   | Noticed an entropy weaver
 19927 | Lair:4   | Mangled by an entropy weaver

Skill      XL: |  1  2  3  4  5  6  7  8  9 10 11 12 13 |
---------------+----------------------------------------+-----
Fighting       | 4 5 6 7 8 9 11 12 13 | 13.9
Axes           | 4 5 10 11 13 15 | 15.8
Armour         | 4 7 8 9 10 | 10.0
Throwing       | 3 5 9 10 | 10.0
Dodging        | 6 8 10 11 | 11.0

Action                   |  1- 3 |  4- 6 |  7- 9 | 10-12 | 13-15 || total
-------------------------+-------+-------+-------+-------+-------++-------
Melee: Hand axe          |   103 |    87 |   282 |   278 |       ||   750
       Headbutt          |    18 |    20 |    63 |   138 |    55 ||   294
       War axe           |       |       |       |   277 |       ||   277
       Broad axe         |       |       |       |   172 |   267 ||   439
Throw: Tomahawk          |       |     4 |    13 |   154 |    47 ||   218
Invok: Berserk           |     1 |     2 |     1 |     4 |     1 ||     9
       Brothers in Arms  |       |       |       |       |     1 ||     1
  Use: Scroll            |       |     8 |     4 |    10 |     2 ||    24
 Stab: Distracted        |       |       |       |     1 |       ||     1
  Eat: Chunk             |     5 |     7 |    13 |    30 |     8 ||    63
       Ration            |     1 |       |       |     1 |       ||     2
Armor: Animal skin       |    14 |       |       |       |       ||    14
       Leather armour    |    11 |    14 |    14 |       |       ||    39
       Chain mail        |       |       |    97 |   371 |    21 ||   489
       Scale mail        |       |       |       |       |    59 ||    59
Dodge: Dodged            |    67 |    62 |   125 |   426 |   164 ||   844
